 Dungeon Sprint DCSS version 0.30.1-11-g7821555f0a (webtiles) character file.

Game seed: 17610396927875282998

1533 Groucho the Thaumaturge (level 8, -2/46 HPs)
             Began as a Deep Elf Earth Elementalist on Jan 5, 2024.
             Was a High Priest of Sif Muna.
             Slain by a troll (9 damage)
             ... led by an orc high priest
             ... in the Dungeon (Sprint VII: "The Pits").
             The game lasted 00:09:40 (2965 turns).

Groucho the Thaumaturge (DEEE)                      Turns: 2965, Time: 00:09:40

Health: -2/46      AC:  4    Str:  5    XL:     8   Next: 55%
Magic:  13/23      EV: 14    Int: 23    God:    Sif Muna [*****.]
Gold:   0          SH:  0    Dex: 15    Spells: 18/26 levels left

rFire   . . .        h - +2 dagger (venom)
rCold   . . .        (no shield)
rNeg    . . .        a - +0 robe
rPois   .            r - +0 helmet
rElec   .            p - +0 cloak
rCorr   .            (no gloves)
SInv    .            (no boots)
Will    .....        (no amulet)
Stlth   +++          (no ring)
HPRegen 0.27/turn    (no ring)
MPRegen 0.18/turn

%: no teleportation
@: channelling
A: no striking features
a: Renounce Religion, Channel Magic, Forget Spell, Divine Exegesis


You were in the Dungeon.
You worshipped Sif Muna.
Sif Muna was extremely pleased with you.
You visited 1 branch

Inventory:

Hand Weapons
 h - a +2 dagger of venom (weapon)
 q - a +2 rapier of electrocution
Armour
 a - a +0 robe (worn)
 o - a +5 ring mail
 p - a +0 cloak (worn)
 r - a +0 helmet (worn)
Jewellery
 l - a +3 ring of protection
 m - a +3 ring of dexterity
Scrolls
 j - 5 scrolls of amnesia
Potions
 b - 4 potions of magic
 c - 7 potions of curing
 d - 12 potions of heal wounds
 e - 3 potions of haste
 f - 3 potions of berserk rage
 i - 2 potions of invisibility
 n - 2 potions of mutation


   Skills:
 + Level 3.3 Fighting
 + Level 5.3 Short Blades
 + Level 3.3 Armour
 + Level 5.4 Dodging
 - Level 7.0 Stealth
 + Level 9.9 Spellcasting
 + Level 8.3 Conjurations
 + Level 7.9 Transmutations
 + Level 8.5 Earth Magic
 + Level 7.6 Invocations


You had 18 spell levels left.
You knew the following spells:

 Your Spells              Type           Power      Damage    Failure   Level
a - Sandblast             Erth           100%       2d20      1%          1
b - Stone Arrow           Conj/Erth      100%       3d13      1%          3
c - Petrify               Tmut/Erth      49%        N/A       1%          4

Your spell library contained the following spells:

 Spells                   Type           Power      Damage    Failure   Level
 Momentum Strike          Conj/Tloc      60%        3d9       1%          2
 Passwall                 Tmut/Erth      40%        N/A       1%          2
 Vhi's Electric Charge    Tloc/Air       22%        N/A       17%         3
 Dragon Form              Tmut           23%        N/A       88%         7


Dungeon Overview and Level Annotations

Branches:
Dungeon (1/1)

Altars:
Ashenzari
Cheibriados
Dithmenos
Elyvilon
Fedhas
Gozag
Hepliaklqana
Kikubaaqudgha
Makhleb
Nemelex Xobeh
Okawaru
Qazlal
Ru
Sif Muna
Trog
Uskayaw
Vehumet
Wu Jian
Xom
Yredelemnul
Zin
The Shining One
Jiyva
Lugonu


Message History

The stone arrow misses the orc priest.
The stone arrow hits the orc!
You kill the orc!
Sif Muna accepts your kill.
You see here a book of Dreams.
Sif Muna grants you a gift!
The orc priest invokes the aid of Beogh against you.
Pain shoots through your body!
Unknown command.
Casting: Stone Arrow (safe; 1% risk of failure)
Confirm with . or Enter, or press ? or * to list all spells.
Aiming: Stone Arrow (safe; 1% risk of failure)
Press: ? - help, Shift-Dir - straight line, f - troll
Aim: a troll (78% to hit)
The stone arrow hits the orc priest!
The orc priest is almost dead.
Unknown command.
Unknown command.
You fail to use your ability.
Unknown command.
Unknown command.
Unknown command.
The orc priest mumbles some strange prayers to Beogh against you.
Beogh smites you!
Unknown command.
Casting: Stone Arrow (safe; 1% risk of failure)
Confirm with . or Enter, or press ? or * to list all spells.
Aiming: Stone Arrow (safe; 1% risk of failure)
Press: ? - help, Shift-Dir - straight line, p - troll The stone arrow hits the orc priest!!
You kill the orc priest!
Sif Muna accepts your kill.
The crimson imp blinks!
The orc high priest prays to Beogh.
Unknown command.
Okay, then.
As you read the scroll of summoning, it crumbles to dust.
Wisps of shadow whirl around you... The troll bites you! The troll claws you!
* * * LOW HITPOINT WARNING * * *
The troll claws you!
You die...

________.# ________.#
______...###########++######
########'##................#
?(.')))'.##......#..#......#
########.##................+
))........'.....x3.........+
#####'#####......#..#......#
#..#..#..##.....@To)§3.....#
#..'..'..#####x#####o'#####
##'####'###.......##''#####
#........##.......##......#
#........##.......##......#
#####'#####...<...###.h..##
#..[)))..##.......# ##§'##
#..[)))..##.......# #ooo.#
###########.......##o.....#


You could see a soul eater (summoned), an orc high priest, a troll, a ynoxinul
(summoned, ally target), an orc warrior and 2 friendly small abominations.

Vanquished Creatures
  An orange demon (D)
  Eustachio (D)
  2 wargs (D)
  2 floating eyes (D)
  2 orc warriors (D)
  A wolf (D)
  A centaur (D)
  A bullfrog (D)
  A kobold brigand (D)
  A scorpion (D)
  An orc priest (D)
  An iguana (D)
  An orc wizard (D)
  2 gnolls (D)
  An adder (D)
  A river rat (D)
  An adder skeleton (D)
  2 orcs (D)
  2 bats (D)
  A hobgoblin (D)
  A quokka (D)
  2 ball pythons (D)
  2 frilled lizards (D)
31 creatures vanquished.

Notes
Turn   | Place    | Note
-------+----------+-------------------------------------------
     0 | D        | Groucho the Deep Elf Earth Elementalist began the quest for
                  | the Orb.
     0 | D        | Reached XP level 1. HP: 10/10 MP: 6/6
    35 | D        | Found a glowing golden altar of the Shining One.
    35 | D        | Found a glowing silver altar of Zin.
    35 | D        | Found a basalt altar of Yredelemnul.
    35 | D        | Found a shimmering altar of Xom.
    35 | D        | Found an ornate altar of the Wu Jian Council.
    35 | D        | Found a bloodstained altar of Trog.
    35 | D        | Found a shimmering blue altar of Sif Muna.
    35 | D        | Found a sacrificial altar of Ru.
    35 | D        | Found a stormy altar of Qazlal.
    35 | D        | Found an iron altar of Okawaru.
    35 | D        | Found a sparkling altar of Nemelex Xobeh.
    35 | D        | Found a burning altar of Makhleb.
    35 | D        | Found a viscous altar of Jiyva.
    35 | D        | Found a hazy altar of Hepliaklqana.
    35 | D        | Found an opulent altar of Gozag.
    35 | D        | Found a blossoming altar of Fedhas.
    35 | D        | Found a white marble altar of Elyvilon.
    35 | D        | Found a shadowy altar of Dithmenos.
    35 | D        | Found a snail-covered altar of Cheibriados.
    36 | D        | Found a radiant altar of Vehumet.
    36 | D        | Found a corrupted altar of Lugonu.
    37 | D        | Found an ancient bone altar of Kikubaaqudgha.
    37 | D        | Found a hide-covered altar of Uskayaw.
    37 | D        | Found a broken altar of Ashenzari.
    38 | D        | Became a worshipper of Sif Muna the Loreminder
    50 | D        | Noticed a floating eye
    52 | D        | Reached skill level 1 in Short Blades
    52 | D        | Reached skill level 1 in Conjurations
    52 | D        | Reached skill level 1 in Invocations
    52 | D        | Reached XP level 2. HP: 16/16 MP: 3/8
    54 | D        | Killed a floating eye
    54 | D        | Reached * piety under Sif Muna
    55 | D        | Reached skill level 4 in Spellcasting
    55 | D        | Reached XP level 3. HP: 21/21 MP: 2/11
    55 | D        | Reached XP level 4. HP: 26/26 MP: 2/12
    59 | D        | Learned a level 3 spell: Stone Arrow
    64 | D        | Learned a level 4 spell: Petrify
   231 | D        | Noticed a scorpion
   235 | D        | Killed a scorpion
   236 | D        | Reached skill level 5 in Stealth
   236 | D        | Reached skill level 5 in Spellcasting
   236 | D        | Reached skill level 5 in Earth Magic
   236 | D        | Reached XP level 5. HP: 31/31 MP: 0/14
   596 | D        | Reached ** piety under Sif Muna
   602 | D        | Reached skill level 5 in Dodging
   919 | D        | Noticed a centaur
  1136 | D        | Noticed an orc warrior
  1285 | D        | Reached *** piety under Sif Muna
  1422 | D        | Killed a centaur
  1423 | D        | Reached skill level 6 in Spellcasting
  1423 | D        | Reached XP level 6. HP: 28/37 MP: 6/17
  1439 | D        | Killed an orc warrior
  1440 | D        | Reached skill level 5 in Conjurations
  1440 | D        | Reached skill level 5 in Transmutations
  1455 | D        | Reached **** piety under Sif Muna
  1663 | D        | Reached skill level 7 in Spellcasting
  1686 | D        | Reached skill level 5 in Invocations
  1917 | D        | Noticed a warg
  1926 | D        | Killed a warg
  1927 | D        | Reached skill level 5 in Short Blades
  1927 | D        | Reached XP level 7. HP: 20/41 MP: 16/20
  2213 | D        | Reached ***** piety under Sif Muna
  2214 | D        | Reached skill level 8 in Spellcasting
  2214 | D        | Received a gift from Sif Muna
  2214 | D        | Paralysed by a floating eye for 3 turns
  2220 | D        | Got Sif Muna's Guide on Hyperbolic Reformation {god gift}
  2506 | D        | Noticed an orange demon
  2527 | D        | Noticed Eustachio
  2530 | D        | Killed an orange demon
  2531 | D        | Reached skill level 9 in Spellcasting
  2531 | D        | Reached XP level 8. HP: 46/46 MP: 13/23
  2532 | D        | Killed Eustachio
  2949 | D        | Noticed a troll
  2950 | D        | Noticed an orc high priest
  2960 | D        | Received a gift from Sif Muna
  2965 | D        | Noticed a soul eater
  2965 | D        | Slain by a troll

Illustrated notes

Levels and vault maps discovered:
D:        pitsprint [storerooms_1, entrance_room_1, metal_vault_2, armoury_2,
          mini_pit_1, grid_room_1, main_hall_1, silver_pit, the_coven_2,
          the_vestibule_1, steel_vault_2, golden_pit, hallway_of_sentries,
          crystal_vault_4, iron_vault_4, final_vault]

Skill      XL: |  1  2  3  4  5  6  7  8 |
---------------+-------------------------+-----
Short Blades   | 1 2 3 5 |  5.3
Dodging        | 3 4 5 |  5.4
Stealth        | 3 4 5 7 |  7.0
Conjurations   | 1 2 3 4 6 7 8 |  8.3
Invocations    | 1 2 3 4 5 7 |  7.6
Fighting       | 2 3 |  3.3
Armour         | 2 3 |  3.3
Spellcasting   | 4 5 6 7 9 |  9.9
Transmutations | 3 4 5 7 |  7.9
Earth Magic    | 4 5 6 8 |  8.5

Action                     |  1- 3 |  4- 6 |  7- 9 || total
---------------------------+-------+-------+-------++-------
  Melee: Dagger            |       |     7 |       ||     7
   Cast: Sandblast         |     6 |     6 |       ||    12
         Stone Arrow       |       |    25 |    19 ||    44
 Invoke: Channel Magic     |       |       |     1 ||     1
    Use: Potion            |       |     1 |       ||     1
         Scroll            |       |       |     2 ||     2
 Armour: Robe              |       |     2 |       ||     2
  Dodge: Dodged            |     1 |    26 |     3 ||    30
